 Dungeon Crawl Stone Soup version 0.30-a0-377-g5cb311bc9f (webtiles) character file.

Game seed: 14692683662597279488

5915 PyroL the Merchant of Misery (level 10, -4/63 HPs)
             Began as a Demonspawn Necromancer on Nov 29, 2022.
             Was a Believer of Kikubaaqudgha.
             Slain by a two-headed ogre
             ... wielding a +0 giant spiked club
              (22 damage)
             ... on level 10 of the Dungeon.
             The game lasted 00:26:41 (9961 turns).

PyroL the Merchant of Misery (DsNe)                 Turns: 9961, Time: 00:26:42

Health: -4/63      AC:  9    Str:  8    XL:     10   Next: 53%
Magic:  21/24      EV: 11    Int: 22    God:    Kikubaaqudgha [**....]
Gold:   730        SH:  4    Dex:  8    Spells: 21/30 levels left

rFire   + + .      SeeInvis .    F - +9 spear "Jellyslayer" {vorpal, rElec rF++ Dex-5}
rCold   . . .      Faith    .    (no shield)
rNeg    . . .      Spirit   .    a - +0 robe
rPois   .          Reflect  .    (no helmet)
rElec   +          Harm     .    (no cloak)
rCorr   +          Rampage  .    C - +2 pair of gloves
Will    .....                    (no boots)
Stlth   +.........               (no amulet)
HPRegen 0.30/turn                l - ring "Ijocze" {Wiz Slay+6}
MPRegen 0.19/turn                G - ring of resist corrosion

@: no status effects
A: thin metallic scales 2, spiny 2, condensation shield, demonic touch 2, shaggy
fur 1, MP-powered wands, noise suppression
a: Renounce Religion, Unearth Wretches


You were on level 10 of the Dungeon.
You worshipped Kikubaaqudgha.
Kikubaaqudgha was pleased with you.
You visited 2 branches of the dungeon, and saw 11 of its levels.

You collected 730 gold pieces.

Inventory:

Hand Weapons
 f - the +7 trident of Suicidal Tendencies {vorpal, Will+ rCorr}
   (You found it on level 3 of the Dungeon)

   It inflicts extra damage upon your enemies.
   rCorr:     It protects you from acid and corrosion.
   Will:      It increases your willpower.
 F - the +9 spear "Jellyslayer" (weapon) {vorpal, rElec rF++ Dex-5}
   (You found it on level 9 of the Dungeon)

   It inflicts extra damage upon your enemies.
   Dex:       It affects your dexterity (-5).
   rF:        It greatly protects you from fire.
   rElec:     It insulates you from electricity.
Missiles
 H - 3 throwing nets
Armour
 a - a +0 robe (worn)
 C - a +2 pair of gloves (worn)
Magical Staves
 n - a staff of death
Jewellery
 l - the ring "Ijocze" (left hand) {Wiz Slay+6}
   (You found it on level 4 of the Dungeon)

   [ring of wizardry]

   It improves your spell success rate.
   Slay:      It affects your accuracy & damage with ranged weapons and melee
   (+6).
 G - a ring of resist corrosion (right hand)
Wands
 e - a wand of iceblast (8)
 i - a wand of paralysis (6)
 A - a wand of acid (13)
 I - a wand of flame (10)
Scrolls
 h - 7 scrolls of teleportation
 k - a scroll of blinking {unknown}
 o - 2 scrolls of enchant weapon {unknown}
 q - a scroll of identify
 r - 7 scrolls of fog {unknown}
 s - 3 scrolls of brand weapon {unknown}
 t - 6 scrolls of noise {unknown}
 u - a scroll of poison {unknown}
 x - 2 scrolls of amnesia {unknown}
 y - a scroll of vulnerability {unknown}
 z - a scroll of enchant armour {unknown}
 D - a scroll of immolation {unknown}
Potions
 b - 3 potions of magic
 c - 2 potions of attraction {unknown}
 d - 6 potions of brilliance
 g - 3 potions of lignification
 j - 3 potions of curing
 m - 3 potions of heal wounds
 p - 2 potions of flight {unknown}
 v - 2 potions of might {unknown}
 w - 2 potions of mutation
 B - a potion of berserk rage {unknown}
 E - 4 potions of haste
 J - a potion of resistance


   Skills:
 - Level 1.7 Dodging
 - Level 1.7 Stealth
 + Level 10.6 Spellcasting
 + Level 13.0 Necromancy


You had 21 spell levels left.
You knew the following spells:

 Your Spells              Type           Power      Damage    Failure   Level
a - Necrotise             Necr           100%       1d9       1%          1
b - Vampiric Draining     Necr           62%        2d10      1%          3
c - Animate Dead          Necr           62%        N/A       1%          4
d - Kiss of Death         Conj/Necr      100%       2d13      1%          1

Your spell library contained the following spells:

 Spells                   Type           Power      Damage    Failure   Level
 Cigotuvi's Dreadful Rot  Necr/Pois/Air  60%        N/A       1%          2
 Sublimation of Blood     Necr           62%        N/A       1%          2
 Agony                    Necr           62%        N/A       1%          5
 Slow                     Hex            44%        N/A       2%          1
 Confusing Touch          Hex            11%        N/A       7%          3


Dungeon Overview and Level Annotations

Branches:
Dungeon (10/15)            Temple (1/1) D:6            Lair (0/5) D:8
    Orc: D:9-12

Altars:
Ashenzari
Cheibriados
Dithmenos
Fedhas
Gozag
Hepliaklqana
Kikubaaqudgha
Makhleb
Nemelex Xobeh
Okawaru
Qazlal
Ru
Sif Muna
Trog
Uskayaw
Vehumet
Wu Jian
Xom
Yredelemnul

Shops:
D:1 (   D:3 [   D:8 [=

Annotations:
D:9 ghost vault, Iich's ghost, novice MiBe


Innate Abilities, Weirdness & Mutations

You are mostly covered in thin metallic scales. (AC +3)
You are mostly covered in sharp spines.
A meltable shield of frost defends you. (SH +4)
Your touch may inflict irresistible damage on your foes.
You are covered in fur. (AC +1)
You expend magic power (3 MP) to strengthen your wands.
You passively dampen the noise of your surroundings.


Message History

Your yak zombie gores the orc!
The orc dies!
Kikubaaqudgha accepts your kill.
The two-headed ogre attacks as you move away!
The two-headed ogre is struck by your spines.
The two-headed ogre hits you with a +0 giant spiked club!
* * * LOW HITPOINT WARNING * * *
The two-headed ogre hits you but does no damage.
Your yak zombie barely misses the orc wizard.
The two-headed ogre attacks as you move away!
The two-headed ogre hits you with a +0 giant spiked club.
* * * LOW HITPOINT WARNING * * *
The two-headed ogre hits you with a +0 giant club!
* * * LOW HITPOINT WARNING * * *
The orc wizard casts a spell at you. The magic dart hits your yak zombie.
Casting: Necrotise (safe; 1% risk of failure)
Confirm with . or Enter, or press ? or * to list all spells.
You can't see any susceptible monsters within range! (Use Z to cast anyway.)
Casting: Necrotise (safe; 1% risk of failure)
Confirm with . or Enter, or press ? or * to list all spells.
Okay, then.
You are too injured to fight recklessly!
Reach: F) +9 spear "Jellyslayer" {vorpal, rElec rF++ Dex-5}
Press: ? - help, Dir - move target, f/p - two-headed ogre
Aim: a two-headed ogre, wielding a +0 giant spiked club and a +0 giant club (severely wounded, ally target, about 18% to evade the +9 spear "Jellyslayer")
You reach to attack!
You barely miss the two-headed ogre.
The two-headed ogre is severely wounded.
The orc wizard hits your yak zombie with a +0 dagger.
Your yak zombie closely misses the orc wizard.
Casting: Necrotise (safe; 1% risk of failure)
Confirm with . or Enter, or press ? or * to list all spells.
Aiming: Vampiric Draining (safe; 1% risk of failure)
Press: ? - help, Shift-Dir - straight line, f/p - two-headed ogre
Aim: a two-headed ogre, wielding a +0 giant spiked club and a +0 giant club (severely wounded, ally target)
You draw life force from the two-headed ogre!
You feel life coursing into your body. You block the two-headed ogre's attack.
The two-headed ogre hits you with a +0 giant club!!
You die...
Kikubaaqudgha rasps: "You have failed me!
Welcome... death!"

.....Z#....##.#...............>..
......'..#.##.#...#########'###..
......#..#.##.#...#...........#..
......####.##.#...#........####..
.........#....#...#........#.....
.........######...#........#.....
...............####........#.....
............#..............###...
........#...#...@............#...
<.......#.###..O###'##.......#..Z
##......#.#....Z#....#.......#.##
........#.#.....#....#..†....#.#
##......#.#.....#....#.......#Z#
#+.....#.#....Z######........Z#
#...Zo...............#
#..............#####Z#
#.........######...#.#


You could see a two-headed ogre (ally target), an orc wizard (ally target) and 3
friendly yak zombies.

Vanquished Creatures
  Harold (D:9)
  Maggie (D:9)
  A komodo dragon (D:8)
  A wraith (D:9)
  4 yaks (D:10)
  A wyvern (D:4)
  3 vampire mosquitoes (D:10)
  An acid dragon (D:10)
  Duvessa (D:6)
  An ice beast (D:7)
  2 orc warriors
  A sky beast (D:7)
  A black bear (D:4)
  An ogre (D:5)
  3 centaurs
  A phantom (D:6)
  2 kobold brigands
  4 bullfrogs
  A gnoll sergeant (D:9)
  3 scorpions
  12 wights
  A howler monkey (D:9)
  A gnoll bouda (D:7)
  3 orc priests
  2 hounds (D:5)
  A jelly (D:8)
  Jessica (D:2)
  Ijyb (D:3)
  Terence (D:2)
  An iguana (D:4)
  2 orc wizards
  Robin (D:3)
  7 gnolls
  6 adders
  2 white imps (D:6)
  An ufetubus (D:5)
  A worm (D:2)
  3 dart slugs (D:1)
  22 orcs
  6 ball pythons
  8 endoplasms
  3 giant cockroaches
  13 goblins
  6 hobgoblins
  3 jackals
  15 kobolds
  3 quokkas
  3 bats
  2 frilled lizards
  5 rats
170 creatures vanquished.

Vanquished Creatures (collateral kills)
  A hornet (D:7)
  A yak (D:10)
  A vampire mosquito (D:10)
  Dowan (D:6)
  A hound (D:6)
  A shadow imp (D:8)
  An orc (D:10)
  2 goblins
9 creatures vanquished.

Vanquished Creatures (others)
  2 elf zombies (D:6)
  2 gnoll zombies (D:9)
  5 goblin zombies (D:3)
  6 orc zombies
  6 plants
  6 toadstools (D:7)
27 creatures vanquished.

Grand Total: 206 creatures vanquished

Notes
Turn   | Place    | Note
-------+----------+-------------------------------------------
     0 | D:1      | PyroL the Demonspawn Necromancer began the quest for the
                  | Orb.
     0 | D:1      | Reached XP level 1. HP: 13/13 MP: 3/3
   177 | D:1      | Gained mutation: You are partially covered in sharp spines.
                  | [demonic ancestry]
   177 | D:1      | Reached XP level 2. HP: 19/19 MP: 5/5
   653 | D:1      | Reached skill level 5 in Necromancy
   653 | D:1      | Gained mutation: You are partially covered in thin metallic
                  | scales. (AC +2) [demonic ancestry]
   653 | D:1      | Reached XP level 3. HP: 24/24 MP: 2/7
   657 | D:1      | Learned a level 3 spell: Vampiric Draining
   846 | D:1      | Found Soteef's Weapon Boutique.
   952 | D:2      | Noticed a shining eye
   956 | D:2      | Found a faded altar of an unknown god.
  1171 | D:2      | Noticed a golden eye
  1310 | D:2      | Noticed a floating eye
  1325 | D:2      | Noticed Jessica
  1333 | D:2      | Killed Jessica
  1334 | D:2      | Gained mutation: A meltable shield of frost defends you.
                  | (SH +4) [demonic ancestry]
  1334 | D:2      | Reached XP level 4. HP: 27/30 MP: 3/8
  1339 | D:2      | Learned a level 4 spell: Animate Dead
  1586 | D:2      | Noticed Terence
  1826 | D:2      | Killed Terence
  2230 | D:3      | Found a bloodstained altar of Trog.
  2275 | D:3      | Found a sacrificial altar of Ru.
  2286 | D:3      | Found Hoinnuen's Antique Armour Shoppe.
  2293 | D:3      | Noticed Robin
  2295 | D:3      | Noticed Ijyb
  2315 | D:3      | Gained mutation: You are mostly covered in sharp spines.
                  | [demonic ancestry]
  2315 | D:3      | Reached XP level 5. HP: 3/35 MP: 2/10
  2315 | D:3      | Gained mutation: Your spells are a little harder to cast,
                  | but a little more powerful. [potion of mutation]
  2315 | D:3      | Gained mutation: Your body sometimes deteriorates upon
                  | taking damage. [potion of mutation]
  2315 | D:3      | Gained mutation: Your flesh is cold resistant. (rC+)
                  | [potion of mutation]
  2315 | D:3      | Killed Ijyb
  2324 | D:3      | Killed Robin
  2325 | D:3      | Reached skill level 6 in Necromancy
  2720 | D:3      | Identified the +7 trident of Suicidal Tendencies {vorpal,
                  | Will+ rCorr}
  3091 | D:4      | Lost mutation: Your flesh is cold resistant. (rC+) [potion
                  | of mutation]
  3091 | D:4      | Lost mutation: Your spells are a little harder to cast, but
                  | a little more powerful. [potion of mutation]
  3091 | D:4      | Lost mutation: Your body sometimes deteriorates upon taking
                  | damage. [potion of mutation]
  3091 | D:4      | Gained mutation: You passively dampen the noise of your
                  | surroundings. [potion of mutation]
  3091 | D:4      | Gained mutation: You are covered in fur. (AC +1) [potion of
                  | mutation]
  3091 | D:4      | Gained mutation: You expend magic power (3 MP) to
                  | strengthen your wands. [potion of mutation]
  3114 | D:4      | Found a snail-covered altar of Cheibriados.
  3173 | D:4      | Noticed a wyvern
  3184 | D:4      | Killed a wyvern
  3185 | D:4      | Gained mutation: Your touch may inflict minor irresistible
                  | damage on your foes. [demonic ancestry]
  3185 | D:4      | Reached XP level 6. HP: 29/41 MP: 3/12
  3426 | D:4      | Found a stormy altar of Qazlal.
  3548 | D:4      | Reached skill level 5 in Spellcasting
  3548 | D:4      | Reached skill level 7 in Necromancy
  3623 | D:4      | Identified the ring "Ijocze" {Wiz Slay+6}
  3717 | D:4      | Reached XP level 7. HP: 43/46 MP: 14/14
  4221 | D:5      | Entered Level 5 of the Dungeon
  4392 | D:5      | Found an opulent altar of Gozag.
  4610 | D:5      | Reached skill level 8 in Necromancy
  4809 | D:5      | Found a hazy altar of Hepliaklqana.
  4810 | D:5      | Found a shimmering altar of Xom.
  4811 | D:5      | Noticed a spectral ugly thing
  5202 | D:6      | Found a staircase to the Ecumenical Temple.
  5213 | Temple   | Entered the Ecumenical Temple
  5213 | Temple   | Found a transporter.
  5213 | Temple   | Found a transporter.
  5215 | Temple   | Found a transporter.
  5215 | Temple   | Found a transporter.
  5233 | Temple   | Became a worshipper of Kikubaaqudgha
  5266 | D:6      | Gained mutation: You are mostly covered in thin metallic
                  | scales. (AC +3) [demonic ancestry]
  5266 | D:6      | Reached XP level 8. HP: 52/52 MP: 13/17
  5418 | D:6      | Noticed Duvessa
  5418 | D:6      | Noticed Dowan
  5430 | D:6      | Killed Duvessa
  5431 | D:6      | Killed Dowan
  5432 | D:6      | Reached skill level 9 in Necromancy
  5512 | D:6      | Your ally Dowan died
  5512 | D:6      | Your ally Duvessa died
  5933 | D:6      | Found a shadowy altar of Dithmenos.
  6452 | D:7      | Reached skill level 10 in Necromancy
  6482 | D:7      | Found a shimmering blue altar of Sif Muna.
  6655 | D:7      | Reached XP level 9. HP: 44/57 MP: 20/20
  7054 | D:8      | Found a hide-covered altar of Uskayaw.
  7254 | D:8      | Reached * piety under Kikubaaqudgha
  7254 | D:8      | Received a gift from Kikubaaqudgha
  7273 | D:8      | Found Eraothej's Jewellery Emporium.
  7394 | D:8      | Learned a level 1 spell: Kiss of Death
  7402 | D:8      | Found Gegeun's Armour Boutique.
  7434 | D:8      | Found a staircase to the Lair.
  7435 | D:8      | Noticed a komodo dragon
  7467 | D:8      | Killed a komodo dragon
  7468 | D:8      | Reached skill level 11 in Necromancy
  8264 | D:9      | Found an iron altar of Okawaru.
  8270 | D:9      | Identified the +9 spear "Jellyslayer" {vorpal, rElec rF++
                  | Dex-5}
  8397 | D:9      | Noticed Harold
  8412 | D:9      | HP: 1/55 [Harold/+5 long sword of holy wrath (15)]
  8414 | D:9      | Killed Harold
  8415 | D:9      | Gained mutation: Your touch may inflict irresistible damage
                  | on your foes. [demonic ancestry]
  8415 | D:9      | Reached XP level 10. HP: 7/63 MP: 8/23
  8600 | D:9      | Reached skill level 12 in Necromancy
  8637 | D:9      | Noticed Maggie
  8661 | D:9      | Killed Maggie
  8862 | D:9      | Noticed Iich's ghost (novice MiBe)
  8865 | D:9      | Found a runed translucent door.
  9161 | D:10     | Entered Level 10 of the Dungeon
  9237 | D:10     | Reached skill level 10 in Spellcasting
  9600 | D:10     | Reached ** piety under Kikubaaqudgha
  9790 | D:10     | Reached skill level 13 in Necromancy
  9946 | D:10     | Noticed a two-headed ogre
  9961 | D:10     | Slain by a two-headed ogre

Illustrated notes

Levels and vault maps discovered:
D:1:      dpeg_arrival_signposts, layout_loops_ring, serial_shops,
          nicolae_shop_bloodbath_and_beyond
D:2:      layout_loops_cross, hellmonk_ecumenical_altar_watching_god,
          kennysheep_minor_cross, grunt_ministairs_13, uniq_terence,
          uniq_jessica
D:3:      layout_loops_ring, nicolae_overflow_squiral, serial_shops,
          nicolae_shop_overgrown_old_shop, uniq_robin, uniq_ijyb
D:4:      layout_gridville, gammafunk_temple_overflow_pools,
          nicolae_overflow_hidden_temple, minmay_checkerbox
D:5:      layout_loops_cross, regret_index_temple_of_mockery,
          nicolae_gozag_seed_capital, amcnicky_altar_gilded,
          minmay_splitting_lines, kennysheep_generic_room_2
D:6:      layout_rooms, lemuel_doored_altar, minmay_temple_entry_tees,
          uniq_duvessa
D:7:      layout_cave_pools, lemuel_tele_altar, minmay_gold_behind_fungi
D:8:      layout_rooms, nicolae_overflow_crystal_walls, david_lair_shrubbed,
          serial_shops, shop, shop
D:9:      layout_roguey, okawaru_ov_weapons_minmay,
          hellmonk_ghost_happy_afterlife, uniq_maggie, uniq_harold
D:10:     layout_irregular_city, serial_co_window_serial, co_window_corner_a,
          co_window_corner_a, co_window_paths_a, co_window_corner_a,
          co_window_of_opportunity_a, co_window_paths_c,
          co_window_of_opportunity_b, co_window_cross_3, glass_columns_a
Temple:   hellmonk_temple_divided_pantheon

Skill      XL: |  1  2  3  4  5  6  7  8  9 10 |
---------------+-------------------------------+-----
Necromancy     | 5 6 7 8 10 11 13 | 13.0
Spellcasting   | 3 4 5 6 7 9 10 | 10.6
Dodging        | |  1.7
Stealth        | |  1.7

Action                   |  1- 3 |  4- 6 |  7- 9 | 10-12 || total
-------------------------+-------+-------+-------+-------++-------
Melee: Spear             |    35 |    44 |    12 |    59 ||   150
       Dagger            |     1 |       |       |       ||     1
       Trident           |       |    20 |   104 |       ||   124
       Staff             |       |     1 |     1 |       ||     2
       Touch             |       |     2 |    11 |     9 ||    22
       Punch             |       |       |     1 |       ||     1
 Cast: Necrotise         |    34 |    46 |    62 |     8 ||   150
       Animate Dead      |       |     2 |     6 |     3 ||    11
       Vampiric Draining |       |     1 |    10 |     2 ||    13
       Kiss of Death     |       |       |     1 |       ||     1
  Use: Scroll            |     2 |       |     2 |       ||     4
       Potion            |       |     4 |     1 |       ||     5
 Stab: Sleeping          |     1 |       |     7 |       ||     8
       Distracted        |       |       |     2 |     1 ||     3
Armor: Robe              |     2 |    23 |    24 |    15 ||    64
Dodge: Dodged            |    17 |    41 |    57 |    22 ||   137
Block: Other             |       |    13 |    30 |     9 ||    52

Table legend: (Time is in decaauts)
 A = Elapsed time spent in this place.
 B = Non-inter-level travel time spent in this place.
 C = Inter-level travel time spent in this place.
 D = Time resting spent in this place.
 E = Time spent auto-exploring this place.
 F = Levels seen in this place.
 G = Mean time per level.
                   A        B        C        D        E       F      G
               +--------+--------+--------+--------+--------+-----+--------+
         Total |  10019 |   9764 |    255 |   1765 |   6667 |  11 |  910.8 |
       Dungeon |   9976 |   9721 |    255 |   1765 |   6659 |  10 |  997.6 |
        Temple |     42 |     42 |      0 |      0 |      8 |   1 |   42.0 |
               +--------+--------+--------+--------+--------+-----+--------+

Top non-repeatable levels by time:
     D:4: 1175 daAuts
     D:3: 1145 daAuts
     D:9: 1079 daAuts
     D:8: 1075 daAuts
     D:2: 983 daAuts
     D:5: 981 daAuts
     D:6: 947 daAuts
     D:1: 929 daAuts
     D:7: 856 daAuts
    D:10: 803 daAuts
  Temple: 42 daAuts
